Wolves vs Monarchs
Created - 13 janvier 2014 at 19:35
Goals
|
| Wolves |
0 |
1 |
1 |
2 |
| Monarchs |
2 |
1 |
0 |
3 |
|
Shots
|
| Wolves |
10 |
10 |
12 |
32 |
| Monarchs |
13 |
10 |
13 |
36 |
|
1st period
1. Monarchs , Mikkel Boedker 22 (Patrik Berglund) at 10:41
2. Monarchs , Jarret Stoll 24 (Travis Hamonic) at 11:51
Penalties :
Chris Clark (MAN) for Hooking (Minor) at 13:17
2nd period
3. Wolves , Dan Fritsche 13 (Alexander Perezhogin, Cody McLeod) at 11:16
4. Monarchs , Jason Chimera 18 (Nate Prosser, Mikkel Boedker) at 18:48
Penalties :
Jason Chimera (MAN) for Hooking (Minor) at 0:34
3rd period
5. Wolves , Milan Bartovic 10 (Dan Fritsche, Marc Methot) at 1:52
Penalties :
Matt Gilroy (Min) for Hooking (Minor) at 4:56, Marc-André Gragnani (Min) for Interference (Minor) at 16:41, Denis Hamel (MAN) for High sticking (Minor) at 19:17
Goalie Stats
Loïc Lacasse (Min), 33 saves from 36 shots - (0,917), L, 5-5-0, 59:06 minutes
Braden Holtby (MAN), 30 saves from 32 shots - (0,938), W, 8-12-2, 60:00 minutes
Players Stats for Wolves
Player Name G A P +/- PIM S H SB GA TA FO MP PP MP PK MP
------------------------------------------------------------------------------------
Alexander Perezhogin 0 1 1 -1 0 5 1 0 1 0 0/0 19:02 2:43 0:00
Bruno Gervais 0 0 0 -1 0 2 0 1 0 3 0/0 22:34 1:33 1:46
Chris Neil 0 0 0 0 0 0 1 0 1 0 0/1 14:03 0:00 0:00
Cody McLeod 0 1 1 -1 0 1 0 0 1 0 1/1 17:30 0:10 1:10
Dan Fritsche 1 1 2 2 0 2 4 0 0 0 3/5 12:42 0:00 1:31
Geoff Paukovich 0 0 0 2 0 1 4 0 0 0 0/0 13:23 0:00 2:02
Logan MacMillan 0 0 0 -2 0 0 1 0 0 0 0/0 9:13 0:00 0:00
Marc Methot 0 1 1 0 0 0 1 0 0 0 0/0 13:01 0:00 0:55
Marc-André Gragnani 0 0 0 0 2 1 0 1 0 0 0/0 12:42 0:00 0:00
Matt Gilroy 0 0 0 -1 2 1 0 4 0 0 0/0 19:31 1:33 0:51
Mike Sislo 0 0 0 0 0 0 1 2 0 1 0/1 16:19 1:57 0:02
Mike Zigomanis 0 0 0 0 0 3 0 0 0 2 7/12 18:10 1:57 2:09
Milan Bartovic 1 0 1 2 0 5 0 0 0 0 0/0 11:48 0:00 0:37
Nate Guenin 0 0 0 0 0 1 1 2 1 0 0/0 27:43 3:07 2:12
Nathan Davis 0 0 0 -2 0 5 0 1 1 0 4/7 12:46 2:33 0:25
Rich Peverley 0 0 0 -1 0 3 2 1 0 0 15/33 19:02 2:43 0:00
Tim Crowder 0 0 0 -2 0 2 0 1 1 1 0/1 11:29 1:57 0:00
Willie Mitchell 0 0 0 0 0 0 4 2 0 0 0/0 25:02 3:07 2:12
Players Stats for Monarchs
Player Name G A P +/- PIM S H SB GA TA FO MP PP MP PK MP
------------------------------------------------------------------------------------
Alec Martinez 0 0 0 2 0 1 0 2 0 1 0/0 18:57 2:06 1:26
Barry Tallackson 0 0 0 -1 0 2 2 0 1 0 0/0 14:00 1:55 0:00
Carl Hagelin 0 0 0 -1 0 3 2 0 0 0 0/0 12:56 0:06 0:15
Chris Clark 0 0 0 -1 2 3 0 0 0 0 1/1 16:39 0:06 0:00
Colby Robak 0 0 0 0 0 0 0 0 0 0 0/0 3:29 0:00 0:00
Denis Hamel 0 0 0 -1 2 1 1 0 1 0 2/3 20:30 1:57 2:15
Jarret Stoll 1 0 1 0 0 6 2 1 0 0 19/33 25:25 1:57 2:59
Jason Chimera 1 0 1 2 2 6 3 1 2 0 0/0 19:42 1:55 0:54
Jonathan Matsumoto 0 0 0 -1 0 1 1 0 1 0 4/8 12:51 0:06 0:00
Kevin Marshall 0 0 0 0 0 1 1 1 0 1 0/0 12:49 0:00 0:00
Matt Foy 0 0 0 1 0 0 1 0 0 0 0/0 5:38 0:00 0:00
Maxime Macenauer 0 0 0 0 0 0 0 0 0 0 0/0 0:39 0:00 0:09
Mikkel Boedker 1 1 2 2 0 2 1 0 1 1 0/1 18:23 1:57 0:00
Nate Prosser 0 1 1 -1 0 2 1 1 0 2 0/0 28:14 1:52 3:14
Patrik Berglund 0 1 1 2 0 3 1 1 0 0 5/14 20:00 1:55 0:56
Raphael Diaz 0 0 0 -1 0 3 0 1 1 0 0/0 24:33 1:52 3:02
Slava Voynov 0 0 0 0 0 0 2 0 0 0 0/0 13:01 0:00 0:12
Tommy Wingels 0 0 0 1 0 1 0 0 0 1 0/1 8:34 0:00 1:52
Travis Hamonic 0 1 1 2 0 1 0 1 0 0 0/0 18:57 2:06 1:26
3 Stars
1 - Dan Fritsche (Min)
2 - Mikkel Boedker (MAN)
3 - Jason Chimera (MAN)
Power Play
Wolves - 0 on 3 Attempt(s) - 0,00%
Monarchs - 0 on 2 Attempt(s) - 0,00%
Penalty Kill
Wolves - 2 on 2 Attempt(s) - 100,00%
- Score 0 goal in Penalty Kill
Monarchs - 3 on 3 Attempt(s) - 100,00%
- Score 0 goal in Penalty Kill
Official
Referees : VanMassenhoven Don and StPierre Justin
Linesman : Derek Amell and Don Henderson
Game Notes
No Game Note
Finance
Level 1 -- Attendance: 1333 (66,65%) -- Ticket Income 46 655 $
Level 2 -- Attendance: 682 (68,20%) -- Ticket Income 10 230 $
Total Attendance: 2015 (67,17%)
Total Ticket Income: 56 885 $
Other Income: 2 844 $
Total Income: 59 729 $
Wolves
5 vs 5 Forward
Center Left Wing Right Wing Time % Phy DF OF
1 Rich Peverley Cody McLeod Alexander Perezhogin 40 1 0 4
2 Mike Zigomanis Mike Sislo Chris Neil 30 0 2 3
3 Dan Fritsche Geoff Paukovich Milan Bartovic 20 1 1 3
4 Nathan Davis Logan MacMillan Tim Crowder 10 2 1 2
5 vs 5 Defense
Defense Defense Time % Phy DF OF
1 Willie Mitchell Nate Guenin 40 1 3 1
2 Bruno Gervais Matt Gilroy 30 1 3 1
3 Marc Methot Marc-André Gragnani 20 1 3 1
4 Nate Guenin Bruno Gervais 10 1 3 1
PowerPlay Forward
Center Left Wing Right Wing Time % Phy DF OF
1 Rich Peverley Nathan Davis Alexander Perezhogin 60 0 0 5
2 Mike Zigomanis Mike Sislo Tim Crowder 40 0 0 5
PowerPlay Defense
Defense Defense Time % Phy DF OF
1 Willie Mitchell Nate Guenin 60 0 2 3
2 Bruno Gervais Matt Gilroy 40 0 2 3
Penalty Kill 4 Players Forward
Center Wing Time % Phy DF OF
1 Mike Zigomanis Geoff Paukovich 60 1 3 1
2 Dan Fritsche Milan Bartovic 40 1 3 1
Penalty Kill 4 Players Defense
Defense Defense Time % Phy DF OF
1 Willie Mitchell Nate Guenin 60 2 3 0
2 Bruno Gervais Matt Gilroy 40 2 3 0
Penalty Kill - 3 Players Forward
Forward Time % Phy DF OF
1 Dan Fritsche 60 1 4 0
2 Nathan Davis 40 1 4 0
Penalty Kill - 3 Players Defense
Defense Defense Time % Phy DF OF
1 Willie Mitchell Nate Guenin 60 2 3 0
2 Bruno Gervais Matt Gilroy 40 2 3 0
4 vs 4 Forward
Center Wing Time % Phy DF OF
1 Rich Peverley Alexander Perezhogin 60 1 1 3
2 Mike Zigomanis Chris Neil 40 1 1 3
4 vs 4 Defense
Defense Defense Time % Phy DF OF
1 Willie Mitchell Nate Guenin 60 1 3 1
2 Bruno Gervais Matt Gilroy 40 1 3 1
Last Minutes Offensive
Center Left Wing Right Wing Defense Defense
Rich Peverley Tim Crowder Alexander Perezhogin Bruno Gervais Nate Guenin
Last Minutes Defensive
Center Left Wing Right Wing Defense Defense
Dan Fritsche Mike Zigomanis Chris Neil Willie Mitchell Marc Methot
Goaltenders
Starting : Loïc Lacasse
Backup : Eddie Lack
Extra Forwards
Normal : Alexander Perezhogin, Mike Zigomanis, Rich Peverley - PP : Alexander Perezhogin, Rich Peverley - PK : Dan Fritsche
Extra Defensemen
Normal : Bruno Gervais, Willie Mitchell, Nate Guenin - PP : Bruno Gervais - PK : Willie Mitchell, Nate Guenin
Penalty Shots
Nathan Davis, Mike Zigomanis, Tim Crowder, Chris Neil, Dan Fritsche
Monarchs
5 vs 5 Forward
Center Left Wing Right Wing Time % Phy DF OF
1 Jarret Stoll Denis Hamel Chris Clark 40 1 2 2
2 Patrik Berglund Jason Chimera Mikkel Boedker 30 1 2 2
3 Jonathan Matsumoto Carl Hagelin Barry Tallackson 20 1 2 2
4 Tommy Wingels Jarret Stoll Matt Foy 10 1 2 2
5 vs 5 Defense
Defense Defense Time % Phy DF OF
1 Nate Prosser Raphael Diaz 40 1 2 2
2 Alec Martinez Travis Hamonic 30 1 2 2
3 Kevin Marshall Slava Voynov 20 1 2 2
4 Colby Robak Nate Prosser 10 1 2 2
PowerPlay Forward
Center Left Wing Right Wing Time % Phy DF OF
1 Jarret Stoll Denis Hamel Mikkel Boedker 60 1 2 2
2 Patrik Berglund Jason Chimera Barry Tallackson 40 1 2 2
PowerPlay Defense
Defense Defense Time % Phy DF OF
1 Nate Prosser Raphael Diaz 60 1 2 2
2 Alec Martinez Travis Hamonic 40 1 2 2
Penalty Kill 4 Players Forward
Center Wing Time % Phy DF OF
1 Jarret Stoll Denis Hamel 60 1 2 2
2 Patrik Berglund Jason Chimera 40 1 2 2
Penalty Kill 4 Players Defense
Defense Defense Time % Phy DF OF
1 Nate Prosser Raphael Diaz 60 1 2 2
2 Alec Martinez Travis Hamonic 40 1 2 2
Penalty Kill - 3 Players Forward
Forward Time % Phy DF OF
1 Jarret Stoll 60 1 2 2
2 Denis Hamel 40 1 2 2
Penalty Kill - 3 Players Defense
Defense Defense Time % Phy DF OF
1 Nate Prosser Raphael Diaz 60 1 2 2
2 Alec Martinez Travis Hamonic 40 1 2 2
4 vs 4 Forward
Center Wing Time % Phy DF OF
1 Jarret Stoll Mikkel Boedker 60 1 2 2
2 Patrik Berglund Jason Chimera 40 1 2 2
4 vs 4 Defense
Defense Defense Time % Phy DF OF
1 Nate Prosser Raphael Diaz 60 1 2 2
2 Alec Martinez Travis Hamonic 40 1 2 2
Last Minutes Offensive
Center Left Wing Right Wing Defense Defense
Jarret Stoll Patrik Berglund Mikkel Boedker Nate Prosser Raphael Diaz
Last Minutes Defensive
Center Left Wing Right Wing Defense Defense
Jarret Stoll Denis Hamel Chris Clark Nate Prosser Raphael Diaz
Goaltenders
Starting : Braden Holtby
Backup : Michael Leighton
Extra Forwards
Normal : Mikkel Boedker, Jonathan Matsumoto, Tommy Wingels - PP : Mikkel Boedker, Jonathan Matsumoto - PK : Tommy Wingels
Extra Defensemen
Normal : Kevin Marshall, Slava Voynov, Colby Robak - PP : Kevin Marshall - PK : Slava Voynov, Colby Robak
Penalty Shots
Jarret Stoll, Mikkel Boedker, Patrik Berglund, Jason Chimera, Chris Clark
% Time on Ice - Wolves
Lines # - Real PCT - Wanted PCT - Time Play
Normal Forward
1 - 33% - 40% - 16:36
2 - 28% - 30% - 14:04
3 - 22% - 20% - 11:11
4 - 18% - 10% - 9:13
Normal Defense
1 - 39% - 40% - 19:43
2 - 33% - 30% - 17:00
3 - 24% - 20% - 12:06
4 - 4% - 10% - 2:15
PP Forward
1 - 58% - 60% - 2:43
2 - 42% - 40% - 1:57
PP Defense
1 - 67% - 60% - 3:07
2 - 33% - 40% - 1:33
PK Forward
1 - 84% - 60% - 3:21
2 - 16% - 40% - 0:37
PK Defense
1 - 55% - 60% - 2:12
2 - 45% - 40% - 1:46
PK3 Forward
1 - 0% - 60%
2 - 0% - 40%
PK3 Defense
1 - 0% - 60%
2 - 0% - 40%
44 Forward
1 - 0% - 60%
2 - 0% - 40%
44 Defense
1 - 0% - 60%
2 - 0% - 40%
Last Minute Offensive - 0:18
Last Minute Defensive - 0:00
Total
Forward - 60:00
Defense - 60:00
|
% Time on Ice - Monarchs
Lines # - Real PCT - Wanted PCT - Time Play
Normal Forward
1 - 32% - 40% - 16:01
2 - 34% - 30% - 17:09
3 - 24% - 20% - 12:01
4 - 11% - 10% - 5:38
Normal Defense
1 - 39% - 40% - 19:36
2 - 30% - 30% - 15:25
3 - 24% - 20% - 12:19
4 - 7% - 10% - 3:29
PP Forward
1 - 52% - 60% - 2:03
2 - 48% - 40% - 1:55
PP Defense
1 - 47% - 60% - 1:52
2 - 53% - 40% - 2:06
PK Forward
1 - 80% - 60% - 3:44
2 - 20% - 40% - 0:56
PK Defense
1 - 69% - 60% - 3:14
2 - 31% - 40% - 1:26
PK3 Forward
1 - 0% - 60%
2 - 0% - 40%
PK3 Defense
1 - 0% - 60%
2 - 0% - 40%
44 Forward
1 - 0% - 60%
2 - 0% - 40%
44 Defense
1 - 0% - 60%
2 - 0% - 40%
Last Minute Offensive - 0:00
Last Minute Defensive - 0:33
Total
Forward - 60:00
Defense - 60:00
|
Play by Play
1st period
0:01 of 1st period - Rich Peverley wins face-off versus Jarret Stoll in neutral zone.
0:36 of 1st period - Icing by Mike Zigomanis.
0:37 of 1st period - Jonathan Matsumoto wins face-off versus Mike Sislo in Wolves zone.
0:40 of 1st period - Snap shot by Barry Tallackson.
0:40 of 1st period - Stopped by Loïc Lacasse without a rebound.
0:41 of 1st period - Dan Fritsche wins face-off versus Jonathan Matsumoto in Wolves zone.
0:48 of 1st period - Travis Hamonic is hit by Dan Fritsche and loses puck.
2:09 of 1st period - Marc Methot is hit by Slava Voynov and loses puck.
2:24 of 1st period - Wrist shot by Nathan Davis.
2:24 of 1st period - Shot Misses the Net.
2:30 of 1st period - Snap shot by Tim Crowder.
2:30 of 1st period - Stopped by Braden Holtby with a rebound.
2:32 of 1st period - Snap shot by Willie Mitchell.
2:32 of 1st period - Shot Misses the Net.
2:34 of 1st period - Wrist shot by Tim Crowder.
2:34 of 1st period - Stopped by Braden Holtby without a rebound.
2:35 of 1st period - Jarret Stoll wins face-off versus Rich Peverley in Monarchs zone.
3:00 of 1st period - Nate Guenin is hit by Jason Chimera.
3:10 of 1st period - Slapshot by Mike Zigomanis.
3:10 of 1st period - Stopped by Braden Holtby without a rebound.
3:11 of 1st period - Jonathan Matsumoto wins face-off versus Rich Peverley in Monarchs zone.
3:11 of 1st period - Jonathan Matsumoto is hit by Nate Guenin.
3:58 of 1st period - Patrik Berglund is hit by Dan Fritsche and loses puck.
4:39 of 1st period - Wrist shot by Rich Peverley.
4:39 of 1st period - Stopped by Braden Holtby with a rebound.
4:41 of 1st period - Wrist shot by Rich Peverley.
4:41 of 1st period - Shot Misses the Net.
4:43 of 1st period - Backhand shot by Bruno Gervais.
4:43 of 1st period - Stopped by Braden Holtby without a rebound.
4:44 of 1st period - Mike Zigomanis wins face-off versus Mikkel Boedker in Monarchs zone.
4:51 of 1st period - Wrist shot by Patrik Berglund.
4:51 of 1st period - Shot Blocked by Nate Guenin.
4:53 of 1st period - Slapshot by Patrik Berglund.
4:53 of 1st period - Stopped by Loïc Lacasse without a rebound.
4:54 of 1st period - Patrik Berglund wins face-off versus Mike Zigomanis in Wolves zone.
4:57 of 1st period - Slapshot by Mikkel Boedker.
4:57 of 1st period - Shot Blocked by Nate Guenin.
4:59 of 1st period - Snap shot by Patrik Berglund.
4:59 of 1st period - Shot Misses the Net.
5:01 of 1st period - Wrist shot by Mikkel Boedker.
5:01 of 1st period - Shot Misses the Net.
5:03 of 1st period - Wrist shot by Raphael Diaz.
5:03 of 1st period - Shot Misses the Net.
5:35 of 1st period - Snap shot by Mikkel Boedker.
5:35 of 1st period - Shot Misses the Net.
5:41 of 1st period - Slapshot by Jason Chimera.
5:41 of 1st period - Stopped by Loïc Lacasse with a rebound.
5:43 of 1st period - Slapshot by Jason Chimera.
5:43 of 1st period - Stopped by Loïc Lacasse without a rebound.
5:44 of 1st period - Jarret Stoll wins face-off versus Rich Peverley in Wolves zone.
6:09 of 1st period - Dan Fritsche is hit by Carl Hagelin and loses puck.
6:14 of 1st period - Wrist shot by Jonathan Matsumoto.
6:14 of 1st period - Deflect By Barry Tallackson.
6:14 of 1st period - Shot Blocked by Marc-André Gragnani.
6:14 of 1st period - Puck is out of play.
6:15 of 1st period - Cody McLeod wins face-off versus Jarret Stoll in Wolves zone.
6:15 of 1st period - Cody McLeod is hit by Kevin Marshall.
6:45 of 1st period - Snap shot by Barry Tallackson.
6:45 of 1st period - Stopped by Loïc Lacasse with a rebound.
6:47 of 1st period - Slapshot by Carl Hagelin.
6:47 of 1st period - Stopped by Loïc Lacasse with a rebound.
6:49 of 1st period - Wrist shot by Carl Hagelin.
6:49 of 1st period - Stopped by Loïc Lacasse with a rebound.
6:51 of 1st period - Wrist shot by Kevin Marshall.
6:51 of 1st period - Stopped by Loïc Lacasse with a rebound.
7:07 of 1st period - Slapshot by Mike Zigomanis.
7:07 of 1st period - Shot Blocked by Jason Chimera.
7:09 of 1st period - Slapshot by Nate Guenin.
7:09 of 1st period - Shot Misses the Net.
7:11 of 1st period - Slapshot by Nate Guenin.
7:11 of 1st period - Stopped by Braden Holtby with a rebound.
8:19 of 1st period - Kevin Marshall is hit by Mike Sislo and loses puck.
8:46 of 1st period - Slapshot by Alexander Perezhogin.
8:46 of 1st period - Stopped by Braden Holtby with a rebound.
8:48 of 1st period - Backhand shot by Bruno Gervais.
8:48 of 1st period - Stopped by Braden Holtby without a rebound.
8:49 of 1st period - Jonathan Matsumoto wins face-off versus Dan Fritsche in Monarchs zone.
8:49 of 1st period - Jonathan Matsumoto is hit by Geoff Paukovich.
8:55 of 1st period - Snap shot by Barry Tallackson.
8:55 of 1st period - Shot Misses the Net.
8:57 of 1st period - Wrist shot by Jonathan Matsumoto.
8:57 of 1st period - Stopped by Loïc Lacasse with a rebound.
9:01 of 1st period - Snap shot by Carl Hagelin.
9:01 of 1st period - Shot Blocked by Matt Gilroy.
9:03 of 1st period - Slapshot by Nate Prosser.
9:03 of 1st period - Stopped by Loïc Lacasse with a rebound.
9:27 of 1st period - Snap shot by Rich Peverley.
9:27 of 1st period - Shot Misses the Net.
9:59 of 1st period - Nathan Davis is hit by Carl Hagelin and loses puck.
10:25 of 1st period - Icing by Willie Mitchell.
10:26 of 1st period - Dan Fritsche wins face-off versus Patrik Berglund in Wolves zone.
10:33 of 1st period - Wrist shot by Milan Bartovic.
10:33 of 1st period - Stopped by Braden Holtby with a rebound.
10:35 of 1st period - Backhand shot by Nate Guenin.
10:35 of 1st period - Deflect By Milan Bartovic.
10:35 of 1st period - Shot Blocked by Travis Hamonic.
10:35 of 1st period - Puck is out of play.
10:36 of 1st period - Patrik Berglund wins face-off versus Rich Peverley in Monarchs zone.
10:41 of 1st period - Wrist shot by Mikkel Boedker.
10:41 of 1st period - Goal by Mikkel Boedker - Wolves : 0 - Monarchs : 1.
10:42 of 1st period - Jarret Stoll wins face-off versus Rich Peverley in neutral zone.
11:31 of 1st period - Nate Prosser is hit by Geoff Paukovich.
11:49 of 1st period - Wrist shot by Jarret Stoll.
11:49 of 1st period - Shot Blocked by Matt Gilroy.
11:51 of 1st period - Slapshot by Jarret Stoll.
11:51 of 1st period - Goal by Jarret Stoll - Wolves : 0 - Monarchs : 2.
11:52 of 1st period - Rich Peverley wins face-off versus Jarret Stoll in neutral zone.
13:14 of 1st period - Snap shot by Cody McLeod.
13:14 of 1st period - Shot Hit the Post.
13:17 of 1st period - Minor Penalty to Chris Clark for Hooking.
13:18 of 1st period - Jarret Stoll wins face-off versus Rich Peverley in Monarchs zone.
15:17 of 1st period - Penalty to Chris Clark is over, Chris Clark is back on ice.
15:27 of 1st period - Snap shot by Dan Fritsche.
15:27 of 1st period - Shot Blocked by Alec Martinez.
15:29 of 1st period - Slapshot by Geoff Paukovich.
15:29 of 1st period - Shot Misses the Net.
16:51 of 1st period - Off-side.
16:52 of 1st period - Dan Fritsche wins face-off versus Jonathan Matsumoto in neutral zone.
18:11 of 1st period - Slapshot by Milan Bartovic.
18:11 of 1st period - Stopped by Braden Holtby without a rebound.
18:12 of 1st period - Denis Hamel wins face-off versus Rich Peverley in Monarchs zone.
19:26 of 1st period - Slapshot by Jarret Stoll.
19:26 of 1st period - Stopped by Loïc Lacasse without a rebound.
19:27 of 1st period - Denis Hamel wins face-off versus Rich Peverley in Wolves zone.
2nd period
0:01 of 2nd period - Jarret Stoll wins face-off versus Rich Peverley in neutral zone.
0:14 of 2nd period - Snap shot by Denis Hamel.
0:14 of 2nd period - Deflect By Jarret Stoll.
0:14 of 2nd period - Stopped by Loïc Lacasse with a rebound.
0:16 of 2nd period - Wrist shot by Nate Prosser.
0:16 of 2nd period - Stopped by Loïc Lacasse without a rebound.
0:17 of 2nd period - Mike Zigomanis wins face-off versus Patrik Berglund in Wolves zone.
0:25 of 2nd period - Slapshot by Willie Mitchell.
0:25 of 2nd period - Shot Misses the Net.
0:27 of 2nd period - Wrist shot by Mike Zigomanis.
0:27 of 2nd period - Shot Misses the Net.
0:29 of 2nd period - Slapshot by Mike Sislo.
0:29 of 2nd period - Shot Misses the Net.
0:34 of 2nd period - Minor Penalty to Jason Chimera for Hooking.
0:35 of 2nd period - Rich Peverley wins face-off versus Jarret Stoll in Monarchs zone.
0:36 of 2nd period - Slapshot by Alexander Perezhogin.
0:36 of 2nd period - Shot Misses the Net.
0:44 of 2nd period - Wrist shot by Jarret Stoll.
0:44 of 2nd period - Shot Blocked by Rich Peverley.
0:46 of 2nd period - Slapshot by Nate Prosser.
0:46 of 2nd period - Shot Misses the Net.
1:12 of 2nd period - Off-side.
1:13 of 2nd period - Jarret Stoll wins face-off versus Rich Peverley in neutral zone.
1:36 of 2nd period - Jarret Stoll is hit by Willie Mitchell and loses puck.
2:34 of 2nd period - Penalty to Jason Chimera is over, Jason Chimera is back on ice.
2:42 of 2nd period - Jason Chimera is hit by Geoff Paukovich.
3:25 of 2nd period - Icing by Mike Zigomanis.
3:26 of 2nd period - Jonathan Matsumoto wins face-off versus Chris Neil in Wolves zone.
5:22 of 2nd period - Snap shot by Nathan Davis.
5:22 of 2nd period - Stopped by Braden Holtby without a rebound.
5:23 of 2nd period - Nathan Davis wins face-off versus Jonathan Matsumoto in Monarchs zone.
5:24 of 2nd period - Slapshot by Bruno Gervais.
5:24 of 2nd period - Shot Misses the Net.
5:26 of 2nd period - Snap shot by Nathan Davis.
5:26 of 2nd period - Stopped by Braden Holtby with a rebound.
5:28 of 2nd period - Wrist shot by Matt Gilroy.
5:28 of 2nd period - Stopped by Braden Holtby without a rebound.
5:29 of 2nd period - Rich Peverley wins face-off versus Jarret Stoll in Monarchs zone.
6:23 of 2nd period - Snap shot by Milan Bartovic.
6:23 of 2nd period - Shot Blocked by Raphael Diaz.
6:41 of 2nd period - Snap shot by Raphael Diaz.
6:41 of 2nd period - Stopped by Loïc Lacasse with a rebound.
6:43 of 2nd period - Snap shot by Jarret Stoll.
6:43 of 2nd period - Deflect By Tommy Wingels.
6:43 of 2nd period - Stopped by Loïc Lacasse with a rebound.
6:45 of 2nd period - Slapshot by Nate Prosser.
6:45 of 2nd period - Shot Blocked by Bruno Gervais.
6:57 of 2nd period - Kevin Marshall is hit by Rich Peverley.
7:31 of 2nd period - Slapshot by Carl Hagelin.
7:31 of 2nd period - Shot Blocked by Willie Mitchell.
7:33 of 2nd period - Snap shot by Carl Hagelin.
7:33 of 2nd period - Stopped by Loïc Lacasse with a rebound.
7:39 of 2nd period - Snap shot by Barry Tallackson.
7:39 of 2nd period - Shot Misses the Net.
7:51 of 2nd period - Willie Mitchell is hit by Jarret Stoll and loses puck.
8:52 of 2nd period - Wrist shot by Milan Bartovic.
8:52 of 2nd period - Stopped by Braden Holtby with a rebound.
8:54 of 2nd period - Snap shot by Marc-André Gragnani.
8:54 of 2nd period - Stopped by Braden Holtby with a rebound.
8:56 of 2nd period - Wrist shot by Geoff Paukovich.
8:56 of 2nd period - Stopped by Braden Holtby without a rebound.
8:57 of 2nd period - Patrik Berglund wins face-off versus Dan Fritsche in Monarchs zone.
8:57 of 2nd period - Patrik Berglund is hit by Dan Fritsche.
9:03 of 2nd period - Slapshot by Jason Chimera.
9:03 of 2nd period - Deflect By Patrik Berglund.
9:03 of 2nd period - Stopped by Loïc Lacasse with a rebound.
9:05 of 2nd period - Slapshot by Nate Prosser.
9:05 of 2nd period - Shot Blocked by Willie Mitchell.
9:28 of 2nd period - Wrist shot by Cody McLeod.
9:28 of 2nd period - Shot Misses the Net.
9:44 of 2nd period - Chris Neil is hit by Barry Tallackson.
10:16 of 2nd period - Wrist shot by Mikkel Boedker.
10:16 of 2nd period - Shot Blocked by Nathan Davis.
11:16 of 2nd period - Slapshot by Dan Fritsche.
11:16 of 2nd period - Goal by Dan Fritsche - Wolves : 1 - Monarchs : 2.
11:17 of 2nd period - Patrik Berglund wins face-off versus Rich Peverley in neutral zone.
11:24 of 2nd period - Wrist shot by Jason Chimera.
11:24 of 2nd period - Shot Misses the Net.
11:31 of 2nd period - Snap shot by Mikkel Boedker.
11:31 of 2nd period - Stopped by Loïc Lacasse without a rebound.
11:32 of 2nd period - Jarret Stoll wins face-off versus Mike Zigomanis in Wolves zone.
11:57 of 2nd period - Cody McLeod is hit by Nate Prosser.
12:39 of 2nd period - Backhand shot by Nathan Davis.
12:39 of 2nd period - Shot Misses the Net.
14:26 of 2nd period - Slapshot by Bruno Gervais.
14:26 of 2nd period - Deflect By Nathan Davis.
14:26 of 2nd period - Stopped by Braden Holtby without a rebound.
14:27 of 2nd period - Nathan Davis wins face-off versus Tommy Wingels in Monarchs zone.
14:43 of 2nd period - Icing by Marc Methot.
14:44 of 2nd period - Nathan Davis wins face-off versus Patrik Berglund in Wolves zone.
14:44 of 2nd period - Nathan Davis is hit by Patrik Berglund.
14:56 of 2nd period - Snap shot by Alexander Perezhogin.
14:56 of 2nd period - Shot Blocked by Patrik Berglund.
14:58 of 2nd period - Wrist shot by Cody McLeod.
14:58 of 2nd period - Deflect By Rich Peverley.
14:58 of 2nd period - Shot Blocked by Alec Martinez.
14:58 of 2nd period - Puck is out of play.
14:59 of 2nd period - Jarret Stoll wins face-off versus Rich Peverley in Monarchs zone.
15:21 of 2nd period - Icing by Denis Hamel.
15:22 of 2nd period - Mike Zigomanis wins face-off versus Jarret Stoll in Monarchs zone.
15:53 of 2nd period - Wrist shot by Denis Hamel.
15:53 of 2nd period - Deflect By Chris Clark.
15:53 of 2nd period - Stopped by Loïc Lacasse with a rebound.
15:55 of 2nd period - Snap shot by Denis Hamel.
15:55 of 2nd period - Shot Misses the Net.
15:57 of 2nd period - Snap shot by Chris Clark.
15:57 of 2nd period - Stopped by Loïc Lacasse with a rebound.
15:59 of 2nd period - Wrist shot by Jarret Stoll.
15:59 of 2nd period - Deflect By Denis Hamel.
15:59 of 2nd period - Shot Misses the Net.
15:59 of 2nd period - Puck is out of play.
16:00 of 2nd period - Rich Peverley wins face-off versus Patrik Berglund in Wolves zone.
16:25 of 2nd period - Jonathan Matsumoto is hit by Dan Fritsche and loses puck.
16:36 of 2nd period - Snap shot by Milan Bartovic.
16:36 of 2nd period - Shot Blocked by Kevin Marshall.
16:56 of 2nd period - Slapshot by Nathan Davis.
16:56 of 2nd period - Stopped by Braden Holtby without a rebound.
16:57 of 2nd period - Rich Peverley wins face-off versus Patrik Berglund in Monarchs zone.
16:58 of 2nd period - Snap shot by Alexander Perezhogin.
16:58 of 2nd period - Stopped by Braden Holtby with a rebound.
17:27 of 2nd period - Wrist shot by Chris Neil.
17:27 of 2nd period - Shot Misses the Net.
17:45 of 2nd period - Nate Guenin is hit by Jonathan Matsumoto and loses puck.
18:10 of 2nd period - Nathan Davis is hit by Mikkel Boedker.
18:11 of 2nd period - Icing by Nathan Davis.
18:12 of 2nd period - Jarret Stoll wins face-off versus Nathan Davis in Wolves zone.
18:46 of 2nd period - Snap shot by Nate Prosser.
18:46 of 2nd period - Shot Misses the Net.
18:48 of 2nd period - Wrist shot by Jason Chimera.
18:48 of 2nd period - Goal by Jason Chimera - Wolves : 1 - Monarchs : 3.
18:49 of 2nd period - Rich Peverley wins face-off versus Jarret Stoll in neutral zone.
3rd period
0:01 of 3rd period - Rich Peverley wins face-off versus Denis Hamel in neutral zone.
0:03 of 3rd period - Off-side.
0:04 of 3rd period - Rich Peverley wins face-off versus Jarret Stoll in neutral zone.
0:26 of 3rd period - Icing by Jarret Stoll.
0:27 of 3rd period - Mike Zigomanis wins face-off versus Patrik Berglund in Monarchs zone.
0:53 of 3rd period - Alec Martinez is hit by Willie Mitchell and loses puck.
1:18 of 3rd period - Off-side.
1:19 of 3rd period - Mike Zigomanis wins face-off versus Jonathan Matsumoto in neutral zone.
1:22 of 3rd period - Wrist shot by Mike Zigomanis.
1:22 of 3rd period - Stopped by Braden Holtby with a rebound.
1:30 of 3rd period - Wrist shot by Mike Zigomanis.
1:30 of 3rd period - Stopped by Braden Holtby with a rebound.
1:52 of 3rd period - Snap shot by Milan Bartovic.
1:52 of 3rd period - Goal by Milan Bartovic - Wolves : 2 - Monarchs : 3.
1:53 of 3rd period - Rich Peverley wins face-off versus Jarret Stoll in neutral zone.
2:43 of 3rd period - Willie Mitchell is hit by Barry Tallackson and loses puck.
2:55 of 3rd period - Willie Mitchell is hit by Matt Foy.
3:38 of 3rd period - Icing by Mikkel Boedker.
3:39 of 3rd period - Mike Zigomanis wins face-off versus Patrik Berglund in Monarchs zone.
3:56 of 3rd period - Snap shot by Patrik Berglund.
3:56 of 3rd period - Shot Misses the Net.
3:58 of 3rd period - Snap shot by Jason Chimera.
3:58 of 3rd period - Stopped by Loïc Lacasse with a rebound.
4:00 of 3rd period - Snap shot by Slava Voynov.
4:00 of 3rd period - Shot Blocked by Mike Sislo.
4:02 of 3rd period - Slapshot by Patrik Berglund.
4:02 of 3rd period - Shot Misses the Net.
4:04 of 3rd period - Snap shot by Jason Chimera.
4:04 of 3rd period - Shot Misses the Net.
4:06 of 3rd period - Slapshot by Kevin Marshall.
4:06 of 3rd period - Shot Blocked by Mike Sislo.
4:08 of 3rd period - Snap shot by Jason Chimera.
4:08 of 3rd period - Stopped by Loïc Lacasse with a rebound.
4:10 of 3rd period - Snap shot by Patrik Berglund.
4:10 of 3rd period - Shot Misses the Net.
4:12 of 3rd period - Wrist shot by Patrik Berglund.
4:12 of 3rd period - Stopped by Loïc Lacasse without a rebound.
4:13 of 3rd period - Rich Peverley wins face-off versus Jarret Stoll in Wolves zone.
4:47 of 3rd period - Jonathan Matsumoto is hit by Geoff Paukovich.
4:56 of 3rd period - Minor Penalty to Matt Gilroy for Hooking.
4:57 of 3rd period - Jarret Stoll wins face-off versus Mike Zigomanis in Wolves zone.
6:56 of 3rd period - Penalty to Matt Gilroy is over, Matt Gilroy is back on ice.
8:26 of 3rd period - Jarret Stoll is hit by Logan MacMillan and loses puck.
8:43 of 3rd period - Wrist shot by Chris Clark.
8:43 of 3rd period - Stopped by Loïc Lacasse with a rebound.
8:45 of 3rd period - Wrist shot by Maxime Macenauer.
8:45 of 3rd period - Shot Misses the Net.
8:47 of 3rd period - Slapshot by Denis Hamel.
8:47 of 3rd period - Shot Misses the Net.
9:27 of 3rd period - Matt Gilroy is hit by Jarret Stoll and loses puck.
9:38 of 3rd period - Mikkel Boedker is hit by Alexander Perezhogin and loses puck.
9:47 of 3rd period - Mikkel Boedker is hit by Willie Mitchell and loses puck.
10:26 of 3rd period - Kevin Marshall is hit by Marc Methot and loses puck.
10:42 of 3rd period - Denis Hamel is hit by Chris Neil.
11:01 of 3rd period - Icing by Matt Gilroy.
11:02 of 3rd period - Nathan Davis wins face-off versus Patrik Berglund in Wolves zone.
11:02 of 3rd period - Nathan Davis is hit by Jason Chimera.
11:25 of 3rd period - Wrist shot by Nathan Davis.
11:25 of 3rd period - Stopped by Braden Holtby without a rebound.
11:26 of 3rd period - Rich Peverley wins face-off versus Jarret Stoll in Monarchs zone.
11:51 of 3rd period - Alec Martinez is hit by Willie Mitchell and loses puck.
12:17 of 3rd period - Wrist shot by Mikkel Boedker.
12:17 of 3rd period - Shot Misses the Net.
12:19 of 3rd period - Slapshot by Travis Hamonic.
12:19 of 3rd period - Shot Blocked by Matt Gilroy.
12:31 of 3rd period - Wrist shot by Raphael Diaz.
12:31 of 3rd period - Stopped by Loïc Lacasse without a rebound.
12:32 of 3rd period - Jarret Stoll wins face-off versus Nathan Davis in Wolves zone.
12:33 of 3rd period - Snap shot by Raphael Diaz.
12:33 of 3rd period - Stopped by Loïc Lacasse without a rebound.
12:34 of 3rd period - Jarret Stoll wins face-off versus Nathan Davis in Wolves zone.
12:39 of 3rd period - Snap shot by Jarret Stoll.
12:39 of 3rd period - Stopped by Loïc Lacasse with a rebound.
13:09 of 3rd period - Snap shot by Mikkel Boedker.
13:09 of 3rd period - Deflect By Alexander Perezhogin.
13:09 of 3rd period - Shot Misses the Net.
13:09 of 3rd period - Puck is out of play.
13:10 of 3rd period - Jarret Stoll wins face-off versus Rich Peverley in Wolves zone.
13:13 of 3rd period - Snap shot by Jarret Stoll.
13:13 of 3rd period - Stopped by Loïc Lacasse with a rebound.
13:15 of 3rd period - Slapshot by Alec Martinez.
13:15 of 3rd period - Stopped by Loïc Lacasse with a rebound.
13:17 of 3rd period - Slapshot by Travis Hamonic.
13:17 of 3rd period - Stopped by Loïc Lacasse without a rebound.
13:18 of 3rd period - Jarret Stoll wins face-off versus Rich Peverley in Wolves zone.
13:23 of 3rd period - Wrist shot by Jarret Stoll.
13:23 of 3rd period - Stopped by Loïc Lacasse without a rebound.
13:24 of 3rd period - Jarret Stoll wins face-off versus Rich Peverley in Wolves zone.
13:33 of 3rd period - Snap shot by Cody McLeod.
13:33 of 3rd period - Stopped by Braden Holtby without a rebound.
13:34 of 3rd period - Jarret Stoll wins face-off versus Rich Peverley in Monarchs zone.
13:41 of 3rd period - Wrist shot by Alexander Perezhogin.
13:41 of 3rd period - Stopped by Braden Holtby with a rebound.
13:43 of 3rd period - Snap shot by Alexander Perezhogin.
13:43 of 3rd period - Stopped by Braden Holtby without a rebound.
13:44 of 3rd period - Jarret Stoll wins face-off versus Rich Peverley in Monarchs zone.
13:59 of 3rd period - Snap shot by Rich Peverley.
13:59 of 3rd period - Stopped by Braden Holtby without a rebound.
14:00 of 3rd period - Patrik Berglund wins face-off versus Mike Zigomanis in Monarchs zone.
14:25 of 3rd period - Nate Prosser is hit by Rich Peverley and loses puck.
14:34 of 3rd period - Snap shot by Rich Peverley.
14:34 of 3rd period - Shot Misses the Net.
14:36 of 3rd period - Backhand shot by Rich Peverley.
14:36 of 3rd period - Shot Misses the Net.
14:38 of 3rd period - Wrist shot by Rich Peverley.
14:38 of 3rd period - Shot Misses the Net.
14:52 of 3rd period - Snap shot by Dan Fritsche.
14:52 of 3rd period - Stopped by Braden Holtby with a rebound.
14:54 of 3rd period - Wrist shot by Milan Bartovic.
14:54 of 3rd period - Stopped by Braden Holtby with a rebound.
14:58 of 3rd period - Snap shot by Milan Bartovic.
14:58 of 3rd period - Shot Blocked by Nate Prosser.
16:41 of 3rd period - Minor Penalty to Marc-André Gragnani for Interference.
16:42 of 3rd period - Jarret Stoll wins face-off versus Mike Zigomanis in Wolves zone.
17:09 of 3rd period - Wrist shot by Jason Chimera.
17:09 of 3rd period - Stopped by Loïc Lacasse without a rebound.
17:10 of 3rd period - Mike Zigomanis wins face-off versus Patrik Berglund in Wolves zone.
18:08 of 3rd period - Cody McLeod is hit by Denis Hamel and loses puck.
18:41 of 3rd period - Penalty to Marc-André Gragnani is over, Marc-André Gragnani is back on ice.
18:51 of 3rd period - Wrist shot by Chris Clark.
18:51 of 3rd period - Shot Blocked by Matt Gilroy.
18:59 of 3rd period - Wrist shot by Chris Clark.
18:59 of 3rd period - Deflect By Denis Hamel.
18:59 of 3rd period - Stopped by Loïc Lacasse without a rebound.
19:00 of 3rd period - Peter DeBoer call a timeout for Wolves.
19:00 of 3rd period - Rich Peverley wins face-off versus Jarret Stoll in Wolves zone.
19:00 of 3rd period - Rich Peverley is hit by Slava Voynov.
19:06 of 3rd period - Wolves, Loïc Lacasse is pulled from the net.
19:06 of 3rd period - Wrist shot by Rich Peverley.
19:06 of 3rd period - Deflect By Tim Crowder.
19:06 of 3rd period - Shot Misses the Net.
19:06 of 3rd period - Puck is out of play.
19:07 of 3rd period - Rich Peverley wins face-off versus Jarret Stoll in Monarchs zone.
19:08 of 3rd period - Wrist shot by Alexander Perezhogin.
19:08 of 3rd period - Stopped by Braden Holtby without a rebound.
19:09 of 3rd period - Chris Clark wins face-off versus Tim Crowder in Monarchs zone.
19:14 of 3rd period - Wrist shot by Chris Clark.
19:14 of 3rd period - Shot Blocked by Tim Crowder.
19:17 of 3rd period - Minor Penalty to Denis Hamel for High sticking.
19:18 of 3rd period - Rich Peverley wins face-off versus Jarret Stoll in Monarchs zone.
19:26 of 3rd period - Wrist shot by Rich Peverley.
19:26 of 3rd period - Shot Blocked by Jarret Stoll.
19:30 of 3rd period - Wrist shot by Rich Peverley.
19:30 of 3rd period - Shot Misses the Net.
19:32 of 3rd period - Snap shot by Rich Peverley.
19:32 of 3rd period - Stopped by Braden Holtby without a rebound.
19:33 of 3rd period - Jarret Stoll wins face-off versus Rich Peverley in Monarchs zone.
19:58 of 3rd period - Nate Guenin is hit by Jason Chimera and loses puck.
Output by the SimonT Hockey Simulator (STHS) for François Prévost -- Original Page W3C XHTML 1.0 Valid